AoeStats
← Reymmius

Hideout

509822279Analyzed
1v1 RM · 2d ago on Sep 28, 2026· 60m 43s· 2 players
Game mode
Random Map
Map size
Tiny (2 player)
Population
200
Speed
Normal
Resources
Standard
Victory
Conquest
Starting age
Dark Age
Ending age
Imperial Age
RankedLock teamsTeams togetherTeam positionsShared explorationLock speedFull tech treeHidden civsTurbo modeCheats
Victory
Defeat
🇪🇸 Mongols · Spain
968
+14
🇺🇸 Mongols · United States
925
-14
ItsRioBambinoTTV
11:44 Feudal Age
12:18 Man-at-Arms
13:22 Arson
18:09 Castle Age
17:53 Double-Bit Axe
19:31 Pikeman
24:36 Horse Collar
27:53 Wheelbarrow
27:04 Loom
27:36 Squires
28:33 Stone Mining
29:48 Forging
29:55 Scale Mail Armor
31:26 Iron Casting
32:35 Scale Barding Armor
33:11 Bloodlines
33:02 Husbandry
34:23 Husbandry
38:48 Nomads
40:24 Gold Mining
44:05 Imperial Age
45:12 Conscription
46:04 Blast Furnace
45:19 Chain Mail Armor
46:53 Bow Saw
47:15 Chain Barding Armor
48:23 Ballistics
48:00 Murder Holes
48:58 Stone Shaft Mining
48:58 Gold Shaft Mining
48:31 Heavy Camel Rider
54:30 Capped Ram
Reymmius
9:42 Feudal Age
15:12 Loom
17:42 Castle Age
19:17 Scale Barding Armor
19:22 Forging
26:24 Bloodlines
28:59 Chain Barding Armor
29:20 Iron Casting
33:46 Husbandry
40:10 Double-Bit Axe
40:07 Horse Collar
46:05 Imperial Age
43:55 Gold Mining
44:18 Bow Saw
44:11 Heavy Plow
47:48 Blast Furnace
47:57 Heavy Camel Rider
51:46 Padded Archer Armor
51:37 Fletching
56:52 Elite Steppe Lancer
Connection lost

Rejoining the realm…

Still unreachable

The connection could not be restored.

Session expired

The server has moved on; the page needs a fresh start.